AoeStats
← yyang

Arabia

510183568Analyzed
1v1 RM · 3d ago on Sep 29, 2026· 37m 7s· 2 players
Game mode
Random Map
Map size
Tiny (2 player)
Population
200
Speed
Normal
Resources
Standard
Victory
Conquest
Starting age
Dark Age
Ending age
Imperial Age
RankedLock teamsTeams togetherTeam positionsShared explorationLock speedFull tech treeHidden civsTurbo modeCheats
Victory
Defeat
🇹🇼 Magyars · Taiwan
1454
+15
🇬🇧 Magyars · United Kingdom
1428
-15
DarK Slaayer
6:15 Loom
9:04 Feudal Age
9:44 Double-Bit Axe
23:24 Castle Age
23:18 Bloodlines
23:15 Scale Barding Armor
22:54 Horse Collar
37:16 Gold Mining
yyang
6:55 Loom
8:55 Feudal Age
10:22 Double-Bit Axe
11:15 Horse Collar
17:34 Bloodlines
21:44 Castle Age
20:39 Scale Barding Armor
20:34 Gold Mining
22:34 Wheelbarrow
21:51 Light Cavalry
22:32 Husbandry
23:31 Chain Barding Armor
23:34 Husbandry
24:14 Bow Saw
27:58 Sanctity
29:16 Hand Cart
28:48 Town Watch
30:43 Heavy Plow
31:26 Fervor
36:51 Imperial Age
34:40 Stone Mining
36:34 Town Patrol
37:07 Hussar
Connection lost

Rejoining the realm…

Still unreachable

The connection could not be restored.

Session expired

The server has moved on; the page needs a fresh start.